 Dungeon Crawl Stone Soup version 0.30-a0-605-gb2882149bf (webtiles) character file.

Game seed: 10147924439400997512

4268 brightshaft the Carver (level 10, -3/60 HPs)
             Began as a Tengu Gladiator on Jan 7, 2023.
             Was an Elder of Okawaru.
             Killed from afar by a deep elf pyromancer (17 damage)
             ... with a bolt of fire
             ... on level 8 of the Dungeon.
             The game lasted 00:13:01 (5937 turns).

brightshaft the Carver (Tengu Gladiator)            Turns: 5937, Time: 00:13:02

Health: -3/60      AC:  7    Str: 20    XL:     10   Next: 31%
Magic:  14/14      EV: 24    Int:  9    God:    Okawaru [****..]
Gold:   448        SH:  0    Dex: 20    Spells: 9/9 levels left

rFire   . . .      SeeInvis .    b - +1 dagger (elec)
rCold   . . .      Faith    .    (no shield)
rNeg    . . .      Spirit   .    n - +0 troll leather armour
rPois   .          Reflect  .    c - +0 hat
rElec   .          Harm     .    m - +0 cloak
rCorr   .          Rampage  .    (no gloves)
Will    .....                    (boots unavailable)
Stlth   +++                      (no amulet)
HPRegen 1.10/turn                k - +6 ring of strength
MPRegen 0.14/turn                (no ring)

@: heroic, flying quickly and evasively, slowed, very slow
A: beak, talons 3, nimble flight
a: Renounce Religion, Heroism, Finesse


You were on level 8 of the Dungeon.
You worshipped Okawaru.
Okawaru was greatly pleased with you.
You visited 1 branch of the dungeon, and saw 8 of its levels.
You also visited: Sewer and Bailey.

You collected 448 gold pieces.

Inventory:

Hand Weapons
 a - a +1 long sword of chaos
 b - a +1 dagger of electrocution (weapon)
 y - a +0 rapier
Missiles
 d - 8 throwing nets (quivered)
 e - 3 javelins
 v - 4 boomerangs
 w - 20 poisoned darts
 C - a boomerang of dispersal
Armour
 c - a +0 hat (worn)
 m - a +0 cloak (worn)
 n - a +0 troll leather armour (worn)
 p - a +0 leather armour
Jewellery
 g - a +6 ring of intelligence
 k - a +6 ring of strength (left hand)
 l - a ring of magical power
Scrolls
 f - 2 scrolls of fear
 s - 2 scrolls of teleportation {@r4}
 D - a scroll of enchant weapon
 E - 2 scrolls of identify {@r1}
 H - a scroll of enchant armour {unknown}
 I - a scroll of magic mapping {unknown}
Potions
 h - 3 potions of cancellation
 i - 3 potions of attraction
 j - a potion of heal wounds {unknown}
 o - 2 potions of mutation {unknown}
 q - 3 potions of curing {@q1}
 r - a potion of resistance {unknown}
 t - a potion of berserk rage {unknown}
 u - a potion of brilliance {unknown}
 x - a potion of might {unknown}
 z - 2 potions of magic {unknown}
 A - 4 potions of haste {unknown}
 B - a potion of invisibility {unknown}
 F - a potion of degeneration {unknown}
 G - a potion of flight {unknown}


   Skills:
 + Level 6.0(11.0) Fighting
 * Level 10.9(15.9) Long Blades
 - Level 2.0(7.0) Throwing
 + Level 6.1(11.1) Armour
 + Level 6.9(11.9) Dodging
 + Level 4.8 Invocations


You had 9 spell levels left.
You didn't know any spells.
Your spell library contained the following spells:

 Spells                   Type           Power      Damage    Failure   Level
 Apportation              Tloc           0%         N/A       41%         1
 Foxfire                  Conj/Fire      0%         2x1d4     41%         1
 Ensorcelled Hibernation  Hex/Ice        0%         N/A       56%         2
 Passwall                 Tmut/Erth      0%         N/A       56%         2
 Frozen Ramparts          Ice            0%         1d1       80%         3
 Gell's Gravitas          Tloc           0%         N/A       80%         3
 Lesser Beckoning         Tloc           0%         N/A       80%         3
 Swiftness                Air            0%         N/A       80%         3
 Teleport Other           Tloc           0%         N/A       80%         3
 Ice Form                 Ice/Tmut       0%         N/A       99%         4
 Alistair's Intoxication  Tmut/Pois      0%         N/A       100%        5
 Fireball                 Conj/Fire      0%         3d3       100%        5
 Starburst                Conj/Fire      0%         6d3       100%        6
 Summon Ice Beast         Ice/Summ       Unusable   N/A       N/A         4

Dungeon Overview and Level Annotations

Branches:
Dungeon (8/15)             Temple (0/1) D:7           Sewer (visited)
 Bailey (visited)
   Lair: D:8-11

Altars:
Dithmenos
Hepliaklqana
Kikubaaqudgha
Okawaru
Ru
Sif Muna
Xom
Zin

Shops:
D:3 =

Annotations:
D:4 2 runed translucent doors, DeadOnArrival's ghost, amateur GrEE


Innate Abilities, Weirdness & Mutations

You have a beak for a mouth.
You have claws for feet.
Your magical nature lets you fly swiftly and evasively.


Message History

a +0 longbow; a centaur corpse
Found a chain mail.
The vampire mumbles some strange words.
The vampire flickers and vanishes!
Deactivating autopickup; reactivate with Ctrl-A.
The bullfrog attacks as you move away! The bullfrog completely misses you.
The kobold brigand throws a curare-tipped dart.
The curare-tipped dart misses you. The bullfrog closely misses you.
The bullfrog attacks as you move away! The bullfrog completely misses you.
The kobold brigand throws a curare-tipped dart.
The curare-tipped dart hits you.
You are poisoned.
You have difficulty breathing.
* * * LOW HITPOINT WARNING * * *
You feel yourself slow down.
* * * LOW HITPOINT WARNING * * *
You feel very sick. The bullfrog hits you.
* * * LOW HITPOINT WARNING * * *
The bullfrog attacks as you move away! The bullfrog completely misses you.
You feel sick. The bullfrog misses you.
You feel better. The bullfrog closely misses you. x2
The bullfrog misses you.
The bullfrog releases a deep croak.
The bullfrog hits you!
* * * LOW HITPOINT WARNING * * *
The bullfrog completely misses you. The bullfrog misses you.
A deep elf pyromancer and 2 yaks come into view.
Found a war axe.
The deep elf pyromancer shouts!
The yak bellows!
The deep elf pyromancer mumbles some strange words.
A yak comes into view.
The bullfrog barely misses you.
A howler monkey comes into view.
The deep elf pyromancer gestures at you while chanting.
The bolt of fire hits the fire elemental.
The fire elemental completely resists.
The bolt of fire hits you!
You die...

########## ###
#.......[# .. #........#
#.. #........## #.# h
##.KK..$...###.#
Y...###.F#.....#..##.###
..Y....@.##...##........
...##...E###.###..)..##.
....###.##.##.###K..<.
)...#. #e#.#.# #......
### # ##.## #.....##
.⌠...........
####.....## ##....#
##....


You could see a deep elf pyromancer, 2 yaks, a fire elemental (summoned), a
kobold brigand, a bullfrog, a howler monkey (wandering) and a kobold.

Vanquished Creatures
  A centaur warrior (D:8)
  5 yaks
  An orc warrior (D:7)
  3 ice beasts
  2 ogres (D:5)
  A centaur (D:5)
  4 wolves (Bailey)
  2 phantoms
  A kobold brigand (D:7)
  3 bullfrogs
  A necrophage (D:7)
  A gnoll sergeant (Bailey)
  2 scorpions
  6 killer bees (D:7)
  A howler monkey (D:4)
  4 hounds
  An orc priest (D:7)
  3 gnoll boudas (Bailey)
  3 jellies
  Natasha (thrice) (D:2)
  8 iguanas
  3 orc wizards
  Robin (D:4)
  10 gnolls (Bailey)
  10 adders
  4 river rats
  A shadow imp (D:6)
  5 worms
  A dart slug (D:5)
  13 orcs
  13 ball pythons
  6 bats
  15 endoplasms
  6 giant cockroaches
  15 goblins
  9 hobgoblins
  7 jackals
  12 kobolds
  8 quokkas
  6 frilled lizards
  11 rats
212 creatures vanquished.

Vanquished Creatures (others)
  42 plants (D:1)
42 creatures vanquished.

Grand Total: 254 creatures vanquished

Notes
Turn   | Place    | Note
-------+----------+-------------------------------------------
     0 | D:1      | brightshaft the Tengu Gladiator began the quest for the
                  | Orb.
     0 | D:1      | Reached XP level 1. HP: 12/12 MP: 2/2
    46 | D:1      | Reached XP level 2. HP: 9/17 MP: 3/3
   135 | D:1      | Reached skill level 4 in Long Blades
   300 | D:1      | Reached XP level 3. HP: 14/21 MP: 4/4
   425 | D:1      | Found a faded altar of an unknown god.
  1034 | D:2      | Noticed Natasha
  1055 | D:2      | Killed Natasha
  1056 | D:2      | Reached skill level 5 in Long Blades
  1056 | D:2      | Reached XP level 4. HP: 18/26 MP: 5/5
  1194 | D:2      | Noticed Natasha
  1201 | D:2      | Killed Natasha
  1322 | D:2      | Reached skill level 6 in Long Blades
  1393 | D:2      | Gained mutation: Your magical nature lets you fly swiftly
                  | and evasively. [Tengu growth]
  1393 | D:2      | Reached XP level 5. HP: 30/30 MP: 6/6
  1877 | D:3      | Found Hoijadu's Jewellery Shop.
  2196 | D:3      | Found an ancient bone altar of Kikubaaqudgha.
  2197 | D:3      | Found an iron altar of Okawaru.
  2198 | D:3      | Found a hazy altar of Hepliaklqana.
  2199 | D:3      | Found a shimmering blue altar of Sif Muna.
  2205 | D:3      | Became a worshipper of Warmaster Okawaru
  2550 | D:2      | Noticed Natasha
  2553 | D:2      | Killed Natasha
  2554 | D:2      | Reached skill level 1 in Armour
  2687 | D:4      | Reached XP level 6. HP: 36/36 MP: 7/7
  2792 | D:4      | Found a shimmering altar of Xom.
  2857 | D:4      | Reached skill level 1 in Invocations
  2859 | D:4      | Noticed Robin
  2861 | D:4      | Found a runed translucent door.
  2934 | D:4      | Killed Robin
  2968 | D:4      | Found a runed translucent door.
  2973 | D:4      | Noticed DeadOnArrival's ghost (amateur GrEE)
  2982 | D:4      | Reached skill level 7 in Long Blades
  3010 | D:4      | Reached XP level 7. HP: 40/40 MP: 8/8
  3093 | D:4      | Found a glowing drain.
  3096 | D:4      | Reached * piety under Okawaru
  3100 | Sewer    | Entered a sewer
  3286 | Sewer    | Found a viscous altar of Jiyva.
  3702 | D:5      | Entered Level 5 of the Dungeon
  3891 | D:5      | Reached XP level 8. HP: 40/46 MP: 10/10
  3939 | D:5      | Reached ** piety under Okawaru
  4015 | D:5      | Reached skill level 8 in Long Blades
  4226 | D:6      | Noticed a yak
  4226 | D:6      | Noticed a yak
  4226 | D:6      | Noticed a yak
  4226 | D:6      | Noticed a yak
  4226 | D:6      | Noticed a yak
  4233 | D:5      | Killed a yak
  4234 | D:5      | Reached skill level 5 in Dodging
  4318 | D:6      | Killed a yak
  4325 | D:6      | Killed a yak
  4329 | D:6      | Killed a yak
  4330 | D:6      | Reached skill level 9 in Long Blades
  4330 | D:6      | Reached XP level 9. HP: 42/52 MP: 10/12
  4340 | D:6      | Reached *** piety under Okawaru
  4403 | D:6      | Received a gift from Okawaru
  4873 | D:7      | Found a staircase to the Ecumenical Temple.
  4959 | D:7      | Reached skill level 5 in Fighting
  4968 | D:7      | Reached skill level 5 in Armour
  5232 | D:7      | Reached skill level 10 in Long Blades
  5502 | D:7      | Found a flagged portal.
  5511 | Bailey   | Entered a bailey
  5637 | Bailey   | Reached XP level 10. HP: 59/59 MP: 12/14
  5777 | D:7      | Found a shadowy altar of Dithmenos.
  5847 | D:7      | Found a glowing silver altar of Zin.
  5877 | D:7      | Found a sacrificial altar of Ru.
  5910 | D:8      | Noticed a centaur warrior
  5911 | D:8      | Reached **** piety under Okawaru
  5924 | D:8      | Killed a centaur warrior
  5931 | D:8      | HP: 3/60 [poisoned by a kobold brigand (curare-tipped
                  | dart)]
  5937 | D:8      | Noticed a deep elf pyromancer
  5937 | D:8      | Killed from afar by a deep elf pyromancer

Illustrated notes

Levels and vault maps discovered:
D:1:      nzn_arrival_settlement, layout_loops_ring,
          shapermc_ecumenical_altar_mp_vishouse, serial_bayou_lagoon_a,
          feat_on_display
D:2:      cheibrodos_helix_gallery, layout_loops_ring, uniq_natasha
D:3:      layout_basic, mainiacjoe_overflow_alcove_3, serial_shops, shop,
          st_stairs_4, reono_crystal_passage
D:4:      layout_basic, mainiacjoe_overflow_tiny_flanked, portal_sewer_entry_e,
          ebering_ghost_sewer_f, kennysheep_potato, uniq_robin
D:5:      layout_rooms
D:6:      layout_basic
D:7:      layout_cave_pools, mainiacjoe_overflow_two_lobes,
          kennysheep_mini_moat, minmay_temple_entry_proselytizer,
          enter_bailey_6, serial_park, serial_park_square3
          [serial_park_minivault_5x5_1], serial_park_avenue1,
          serial_park_tiny_pond, serial_park_gazebo
          [serial_park_minivault_5x5_7], roderic_roman_lattice,
          nrook_mini_backslash, patterned_corridor
D:8:      layout_rooms, kennysheep_little_box, chequers_ossuary_entry_cave,
          kb_rosetta

Skill      XL: |  1  2  3  4  5  6  7  8  9 10 |
---------------+-------------------------------+-----
Long Blades    | 4 5 6 7 9 10 | 10.9
Armour         | 1 3 4 5 6 |  6.1
Invocations    | 1 2 3 4 |  4.8
Dodging        | 4 5 6 |  6.9
Fighting       | 3 4 5 6 |  6.0
Throwing       | |  2.0

Action                   |  1- 3 |  4- 6 |  7- 9 | 10-12 || total
-------------------------+-------+-------+-------+-------++-------
Melee: Long sword        |    77 |    50 |    54 |       ||   181
       Peck              |    11 |    26 |    74 |     7 ||   118
       Kick              |    16 |    36 |   118 |    13 ||   183
       Dagger            |       |    92 |   283 |    33 ||   408
       Punch             |       |     1 |     6 |       ||     7
Invok: Heroism           |       |       |     4 |     1 ||     5
  Use: Scroll            |     2 |     7 |     5 |       ||    14
       Potion            |       |       |       |     1 ||     1
 Stab: Sleeping          |       |     4 |     8 |       ||    12
Armor: Leather armour    |    19 |     6 |       |       ||    25
       Troll leather arm |       |    21 |    53 |     9 ||    83
Dodge: Dodged            |    56 |    70 |   271 |    79 ||   476

Table legend: (Time is in decaauts)
 A = Elapsed time spent in this place.
 B = Non-inter-level travel time spent in this place.
 C = Inter-level travel time spent in this place.
 D = Time resting spent in this place.
 E = Time spent auto-exploring this place.
 F = Levels seen in this place.
 G = Mean time per level.
                   A        B        C        D        E       F      G
               +--------+--------+--------+--------+--------+-----+--------+
         Total |   5471 |   5129 |    342 |      0 |   3752 |  10 |  547.1 |
       Dungeon |   5115 |   4773 |    342 |      0 |   3615 |   8 |  639.4 |
         Sewer |    225 |    225 |      0 |      0 |    104 |   1 |  225.0 |
        Bailey |    130 |    130 |      0 |      0 |     32 |   1 |  130.0 |
               +--------+--------+--------+--------+--------+-----+--------+

Top non-repeatable levels by time:
     D:1: 1104 daAuts
     D:7: 800 daAuts
     D:4: 770 daAuts
     D:2: 743 daAuts
     D:3: 700 daAuts
     D:6: 520 daAuts
     D:5: 449 daAuts
   Sewer: 225 daAuts
  Bailey: 130 daAuts
     D:8: 26 daAuts
